 Dungeon Crawl Stone Soup version 0.20.0-15-g7f486f2 (webtiles) character file.

9711 pib the Spear-Bearer (level 11, -6/133 HPs)
             Began as a Demonspawn Berserker on June 24, 2017.
             Was an Elder of Trog.
             Mangled by a komodo dragon (20 damage)
             ... on level 10 of the Dungeon.
             The game lasted 00:38:40 (15293 turns).

pib the Spear-Bearer (Demonspawn Berserker)        Turns: 15293, Time: 00:38:41

Health: -6/133     AC: 18    Str: 27    XL:     11   Next: 26%
Magic:  0/15       EV: 10    Int:  9    God:    Trog [****..]
Gold:   859        SH:  0    Dex: 15    Spells: 10/10 levels left

rFire    . . .     SeeInvis .   a - +0 trident
rCold    + . .     Gourm    +   (no shield)
rNeg     . . .     Faith    .   W - +1 plate armour
rPois    .         Spirit   +   K - +0 helmet of Wonder {Str+4}
rElec    .         Reflect  .   C - scarf {Spirit}
rCorr    +         Harm     .   o - +0 pair of gloves
MR       .....                  B - +0 pair of boots
Stlth    ..........             J - amulet of the gourmand
Regen    0.4/turn               R - +3 ring of slaying
MPRegen  0.3/turn               G - ring of resist corrosion

@: berserking, very quick
A: talons 1, cold resistance 1, magic shield, magic regeneration, magic link
a: Berserk, Trog's Hand, Brothers in Arms, Burn Spellbooks, Renounce Religion


You were on level 10 of the Dungeon.
You worshipped Trog.
Trog was greatly pleased with you.
You were very full.

You visited 2 branches of the dungeon, and saw 12 of its levels.

You collected 859 gold pieces.

Inventory:

Hand Weapons
 a - a +0 trident (weapon)
 b - a +3 hunting sling of freezing
 i - a +0 hunting sling
 t - a +0 mace
 I - a +0 war axe
Missiles
 m - 243 stones
 z - 69 sling bullets (quivered)
 F - 3 throwing nets
Armour
 o - a +0 pair of gloves (worn)
 s - a +2 ring mail of fire resistance
 B - a +0 pair of boots (worn)
 C - a scarf of spirit shield (worn)
 K - the +0 helmet of Wonder (worn) {Str+4}
   (You found it on level 5 of the Dungeon)

   It affects your strength (+4).
 N - a +0 cloak
 Q - a +2 helmet
 W - a +1 plate armour (worn)
Jewellery
 G - a ring of resist corrosion (right hand)
 J - an amulet of the gourmand (around neck)
 R - a +3 ring of slaying (left hand)
Wands
 D - a wand of flame (7/48)
 O - a wand of digging (7/24)
 P - a wand of iceblast (0/15)
 T - a wand of confusion (26/48)
Scrolls
 d - 2 scrolls of identify
 e - 2 scrolls of fear {unknown}
 j - 2 scrolls of remove curse
 l - 7 scrolls of teleportation
 q - 2 scrolls of recharging {unknown}
 y - 2 scrolls of magic mapping
 E - 2 scrolls of enchant armour
Potions
 g - 2 potions of curing {unknown}
 p - 2 potions of resistance
 r - a potion of haste
 w - a potion of flight {unknown}
 A - a potion of heal wounds
 H - a potion of magic {unknown}
 M - a potion of cancellation {unknown}
 U - a potion of lignification {unknown}
 Y - a potion of mutation {unknown}
Books
 f - a book of Battle

   Spells                             Type                      Level
   a - Infusion                       Charms                       1
   b - Shroud of Golubria             Charms/Translocation         2
   c - Song of Slaying                Charms                       2
   d - Spectral Weapon                Hexes/Charms                 3
   e - Regeneration                   Charms/Necromancy            3
   Trog disapproves of the use of such an item.
 n - a book of Cantrips

   Spells                             Type                      Level
   a - Confusing Touch                Hexes                        1
   b - Animate Skeleton               Necromancy                   1
   c - Summon Small Mammal            Summoning                    1
   d - Apportation                    Translocation                1
   Trog disapproves of the use of such an item.
 u - a book of Conjurations

   Spells                             Type                      Level
   a - Magic Dart                     Conjuration                  1
   b - Searing Ray                    Conjuration                  2
   c - Dazzling Spray                 Conjuration/Hexes            3
   d - Fulminant Prism                Conjuration/Hexes            4
   e - Force Lance                    Conjuration/Translocation    4
   f - Iskenderun's Mystic Blast      Conjuration                  4
   Trog disapproves of the use of such an item.
 v - a book of the Earth

   Spells                             Type                      Level
   a - Leda's Liquefaction            Hexes/Earth                  4
   b - Bolt of Magma                  Conjuration/Fire/Earth       5
   c - Statue Form                    Transmutation/Earth          6
   d - Iron Shot                      Conjuration/Earth            6
   e - Shatter                        Earth                        9
   Trog disapproves of the use of such an item.
 V - a book of Geomancy

   Spells                             Type                      Level
   a - Sandblast                      Earth                        1
   b - Passwall                       Transmutation/Earth          2
   c - Stone Arrow                    Conjuration/Earth            3
   d - Petrify                        Transmutation/Earth          4
   e - Lee's Rapid Deconstruction     Earth                        5
   Trog disapproves of the use of such an item.
Comestibles
 c - 9 bread rations
 h - 16 fruits
 k - 6 meat rations
 x - 3 royal jellies
 L - a chunk of flesh


   Skills:
 + Level 9.1 Fighting
 - Level 3.7 Maces & Flails
 + Level 9.3 Polearms
 + Level 8.1 Armour
 + Level 5.0 Dodging
 - Level 5.3 Evocations


You had 10 spell levels left.
You didn't know any spells.

Dungeon Overview and Level Annotations

Branches:
Dungeon (10/15)            Temple (0/1) D:4            Lair (0/6) D:10
    Orc (2/2) D:9
    Elf: Orc:2

Altars:
Makhleb

Annotations:
D:10 Sonja


Innate Abilities, Weirdness & Mutations

You have sharp toenails.
Your flesh is cold resistant. (rC+)
When hurt, damage is shared between your health and your magic reserves.
You regenerate magic rapidly.
When low on magic, you restore magic in place of health.


Message History

A red film seems to cover your vision as you go berserk!
You feel yourself moving faster!
You feel mighty! The komodo dragon bites you!
* * * LOW HITPOINT WARNING * * *
Your plate armour prevents you from hitting the komodo dragon.
The komodo dragon is moderately wounded.
The komodo dragon bites you!
* * * LOW HITPOINT WARNING * * *
You hit the komodo dragon.
The komodo dragon is heavily wounded.
You puncture the komodo dragon!
The komodo dragon is severely wounded.
The komodo dragon bites you!
* * * LOW HITPOINT WARNING * * *
Sonja mumbles some strange words.
Sonja blinks!
You are too berserk!
You barely miss the komodo dragon.
The komodo dragon is severely wounded.
The komodo dragon bites you!!
You die...

#............#....[..#
#............#.......#
##...........#.......#
#...........#.....§.##########
#...........#..........(......
#...........#.................
#.....#####.#......>......(...
#.....# #.#......K...###(###
#.....#####.#@.........#...(.>
#...........#l.........#....(.
#<...#.#.#.#...........#......
#......................#......
#...#.#.#.#.#.###.... #.....§
#............... .... #......
#..#.#.#.#.#.#..# ... #......
#...............# .. #######
####.#.#.#.#.#.#.#.# ......


You could see a komodo dragon and Sonja.

Vanquished Creatures
  The ghost of yogakurto the Chopper, a novice TrBe of Trog (D:8)
  Joseph (D:8)
  5 trolls (D:9)
  A merfolk (D:10)
  A hippogriff (D:9)
  Sigmund (D:3)
  4 yaks (D:10)
  A vampire (D:9)
  A warg (D:9)
  4 orc warriors
  A sky beast (D:6)
  An ice beast (D:10)
  A phantom (D:5)
  5 boggarts (D:9)
  A necrophage (D:8)
  10 ogres
  4 centaurs
  2 big kobolds (D:7)
  8 bullfrogs
  4 scorpions
  A wyvern skeleton (D:7)
  3 killer bees (D:7)
  5 wights (D:7)
  3 crimson imps
  5 howler monkeys
  A bullfrog zombie (D:9)
  6 hounds
  2 bullfrog skeletons
  3 jellies
  2 centaur skeletons
  9 orc priests
  2 iguanas
  9 orc wizards
  Natasha (thrice) (D:2)
  11 worker ants
  A killer bee zombie (D:7)
  2 howler monkey zombies
  2 worker ant zombies
  8 gnolls
  12 adders
  2 river rats (D:6)
  4 shadow imps
  An ooze (D:5)
  2 worms
  9 leopard geckos
  32 orcs
  8 giant cockroaches
  3 goblins
  6 hobgoblins
  14 jackals
  37 kobolds
  6 quokkas
  7 bats
  2 frilled lizards
  A leopard gecko skeleton (D:5)
  4 quokka skeletons
  A quokka zombie (D:7)
  5 rats
291 creatures vanquished.

Vanquished Creatures (collateral kills)
  An elephant (D:10)
  5 yaks (D:10)
  2 basilisks (D:10)
8 creatures vanquished.

Grand Total: 299 creatures vanquished

Notes
Turn   | Place    | Note
-------+----------+-------------------------------------------
     0 | D:1      | pib the Demonspawn Berserker began the quest for the Orb.
     0 | D:1      | Reached XP level 1. HP: 18/18 MP: 1/1
   712 | D:1      | Gained mutation: When hurt, damage is shared between your health and your magic reserves. [demonic ancestry]
   712 | D:1      | Reached XP level 2. HP: 18/24 MP: 2/2
  1142 | D:2      | Noticed Natasha
  1158 | D:2      | Killed Natasha
  1158 | D:2      | Gained mutation: You have sharp toenails. [demonic ancestry]
  1158 | D:2      | Reached XP level 3. HP: 18/30 MP: 3/3
  1440 | D:2      | Noticed Natasha
  1447 | D:2      | Killed Natasha
  1447 | D:2      | Reached XP level 4. HP: 19/38 MP: 0/4
  1953 | D:2      | Noticed Natasha
  2768 | D:2      | Killed Natasha
  2768 | D:2      | Reached skill level 5 in Fighting
  2768 | D:2      | Gained mutation: You regenerate magic rapidly. [demonic ancestry]
  2768 | D:2      | Reached XP level 5. HP: 44/44 MP: 5/5
  2851 | D:3      | Noticed Sigmund
  2877 | D:3      | Killed Sigmund
  2877 | D:3      | Reached skill level 1 in Polearms
  2877 | D:3      | Reached XP level 6. HP: 52/52 MP: 4/6
  3070 | D:3      | Reached ** piety under Trog
  4096 | D:4      | Reached XP level 7. HP: 49/59 MP: 7/7
  4247 | D:4      | Found a staircase to the Ecumenical Temple.
  5009 | D:5      | Entered Level 5 of the Dungeon
  5101 | D:5      | Found a burning altar of Makhleb.
  5655 | D:5      | Gained mutation: Your flesh is cold resistant. (rC+) [demonic ancestry]
  5655 | D:5      | Reached XP level 8. HP: 62/68 MP: 8/8
  6090 | D:5      | Got a pitted helmet
  6096 | D:5      | Identified the cursed +0 helmet of Wonder {Str+4} (You found it on level 5 of the Dungeon)
  7095 | D:6      | Reached skill level 5 in Polearms
  7868 | D:7      | Reached *** piety under Trog
  8210 | D:7      | Reached XP level 9. HP: 54/75 MP: 7/9
  9542 | D:7      | Reached **** piety under Trog
  9822 | D:8      | Reached skill level 1 in Evocations
  9835 | D:8      | Noticed yogakurto's ghost (novice TrBe)
 10014 | D:9      | Reached skill level 5 in Armour
 10026 | D:9      | Noticed a two-headed ogre
 10059 | D:8      | Killed yogakurto's ghost
 10064 | D:8      | Reached XP level 10. HP: 46/82 MP: 10/12
 10180 | D:8      | Noticed Joseph
 10199 | D:8      | Killed Joseph
 11705 | D:9      | Found a staircase to the Orcish Mines.
 12277 | D:9      | Reached skill level 5 in Evocations
 12808 | D:10     | Entered Level 10 of the Dungeon
 13050 | D:10     | Noticed an elephant
 13074 | D:10     | Killed an elephant
 13198 | D:10     | Found a staircase to the Lair.
 13284 | D:10     | Noticed Sonja
 13667 | D:10     | Noticed a cyclops
 13717 | D:9      | Gained mutation: When low on magic, you restore magic in place of health. [demonic ancestry]
 13717 | D:9      | Reached XP level 11. HP: 87/87 MP: 15/15
 13978 | Orc:1    | Entered Level 1 of the Orcish Mines
 14933 | Orc:2    | Entered Level 2 of the Orcish Mines
 15018 | Orc:2    | Noticed an orc knight
 15275 | D:10     | Reached skill level 5 in Dodging
 15293 | D:10     | Mangled by a komodo dragon

Skill      XL: |  1  2  3  4  5  6  7  8  9 10 11 |
---------------+----------------------------------+-----
Maces & Flails | 3 |  3.7
Fighting       | 4 5 6 8 9 |  9.1
Polearms       | 1 2 3 5 7 8 9 |  9.3
Armour         | 3 5 7 8 |  8.1
Dodging        | 3 4 5 |  5.0
Evocations     | 3 5 |  5.3

Action                   |  1- 3 |  4- 6 |  7- 9 | 10-12 || total
-------------------------+-------+-------+-------+-------++-------
Melee: Mace              |    89 |    57 |       |       ||   146
       Kick              |     8 |    31 |       |       ||    39
       Trident           |       |   137 |   678 |   454 ||  1269
 Fire: Hunting sling     |       |       |    19 |       ||    19
Invok: Berserk           |     1 |     3 |     3 |     7 ||    14
       Trog's Hand       |       |       |     3 |     4 ||     7
       Burn Spellbooks   |       |       |       |     1 ||     1
       Brothers in Arms  |       |       |       |     1 ||     1
Evoke: Wand              |       |       |       |     2 ||     2
  Use: Scroll            |       |       |     6 |    10 ||    16
       Potion            |       |       |       |     3 ||     3
 Stab: Sleeping          |     1 |       |       |       ||     1
       Distracted        |       |     1 |       |       ||     1
  Eat: Chunk             |     2 |     7 |    33 |    25 ||    67
       Bread ration      |       |     1 |     1 |       ||     2
Armor: Animal skin       |    16 |     8 |       |       ||    24
       Ring mail         |       |    49 |   297 |    17 ||   363
       Plate armour      |       |       |       |   277 ||   277
Dodge: Dodged            |    64 |   116 |   439 |   200 ||   819
